 Dungeon Crawl Stone Soup version 0.28-a0-695-gff097466f2 (webtiles) character file.

Game seed: 12325135588903014952

5475 kae the Transmogrifier (level 10, -5/88 HPs)
             Began as a White Draconian Transmuter on Oct 22, 2021.
             Was a Follower of Ru.
             Slain by a fire elemental (16 damage)
             ... summoned by a deep elf pyromancer
             ... on level 9 of the Dungeon.
             The game lasted 00:08:51 (12953 turns).

kae the Transmogrifier (DrTm)                      Turns: 12953, Time: 00:08:51

Health: -5/88      AC:  8    Str: 13    XL:     10   Next: 42%
Magic:  10/13      EV: 12    Int: 17    God:    Ru [*.....]
Gold:   445        SH:  0    Dex: 11    Spells: 5/13 levels left

rFire   x . .      SeeInvis .     - Unarmed
rCold   + + +      Faith    .   (shield currently unavailable)
rNeg    . . .      Spirit   .   (armour unavailable)
rPois   +          Reflect  .   (helmet currently unavailable)
rElec   .          Harm     .   (cloak currently unavailable)
rCorr   .          Rampage  .   (gloves currently unavailable)
Will    .....                   (boots currently unavailable)
Stlth   +.........              (no amulet)
HPRegen 0.24/turn               (no ring)
MPRegen 0.13/turn               (no ring)

@: ice-form
A: freezing attack, amphibious, boosted hp, (breathe frost), AC +7, large,
unfitting armour, (cold resistance 1), (cold-blooded), hated by all
a: End Transformation, Renounce Religion


You were on level 9 of the Dungeon.
You worshipped Ru.
Ru was aware of your devotion.
You were a creature of crystalline ice.
You visited 2 branches of the dungeon, and saw 10 of its levels.

You collected 445 gold pieces.

Inventory:

Armour
 r - a +0 cloak (melded)
Jewellery
 n - a ring of fire
 s - a +6 ring of intelligence
 u - a ring of see invisible
Wands
 f - a wand of charming (14)
 l - a wand of polymorph (11)
 o - a wand of iceblast (6)
Scrolls
 c - a scroll of amnesia
 i - a scroll of teleportation
 t - a scroll of identify
Potions
 a - a potion of flight
 b - 2 potions of degeneration
 d - 2 potions of brilliance
 e - 2 potions of haste
 g - a potion of cancellation
 h - a potion of attraction
 j - 2 potions of might
 k - a potion of berserk rage {unknown}
 m - a potion of lignification
 p - 3 potions of curing {unknown}
 q - a potion of ambrosia {unknown}


   Skills:
 + Level 2.6 Fighting
 - Level 8.0 Dodging
 - Level 7.1 Unarmed Combat
 - Level 2.0 Spellcasting
 - Level 10.0 Transmutations
 - Level 6.0 Ice Magic
 - Level 2.0 Poison Magic


You had 5 spell levels left.
You knew the following spells:

 Your Spells              Type           Power      Damage    Failure   Level
a - Beastly Appendage     Tmut           70%        N/A       1%          1
b - Spider Form           Tmut/Pois      11%        N/A       4%          3
c - Ice Form              Ice/Tmut       28%        N/A       7%          4

Your spell library contained the following spells:

 Spells                   Type           Power      Damage    Failure   Level
 Wereblood                Tmut           35%        N/A       1%          2
 Frozen Ramparts          Ice            44%        1d6       4%          3
 Apportation              Tloc           2%         N/A       19%         1
 Foxfire                  Conj/Fire      4%         2x1d4     19%         1
 Magic Dart               Conj           4%         1d3       19%         1
 Mephitic Cloud           Conj/Pois/Air  3%         N/A       41%         3
 Alistair's Intoxication  Tmut/Pois      14%        N/A       41%         5
 Conjure Flame            Conj/Fire      1%         6-21      50%         3
 Inner Flame              Hex/Fire       1%         N/A       50%         3
 Portal Projectile        Hex/Tloc       2%         N/A       50%         3
 Flame Wave               Conj/Fire      1%         3d3       88%         4
 Leda's Liquefaction      Hex/Erth       0%         N/A       88%         4
 Invisibility             Hex            0%         N/A       100%        6
 Call Imp                 Summ           Unusable   N/A       N/A         2
 Call Canine Familiar     Summ           Unusable   N/A       N/A         3
 Summon Ice Beast         Ice/Summ       Unusable   N/A       N/A         4

Dungeon Overview and Level Annotations

Branches:
Dungeon (9/15)             Temple (1/1) D:5             Orc (0/2) D:9
   Lair: D:8-11

Altars:
Ashenzari
Cheibriados
Dithmenos
Elyvilon
Fedhas
Gozag
Hepliaklqana
Kikubaaqudgha
Makhleb
Nemelex Xobeh
Okawaru
Qazlal
Ru
Sif Muna
Trog
Vehumet
Wu Jian
Xom
Yredelemnul
Zin
The Shining One

Shops:
D:1 [

Annotations:
D:5 2 transporters


Innate Abilities, Weirdness & Mutations

You are a creature of crystalline ice.
You have a powerful freezing melee attack.
You are amphibious.
Your maximum health is increased.
Your armour is entirely melded.
You are incapable of wielding weapons or throwing items.
((You can breathe waves of freezing cold which knock back foes.))
((Your icy white scales are hard. (AC +7)))
You cannot fit into any form of body armour.
((Your flesh is cold resistant. (rC+)))
((You are cold-blooded and may be slowed by cold attacks.))
You are hated by all.


Message History

The deep elf pyromancer closely misses you.
You punch the deep elf pyromancer! You freeze the deep elf pyromancer.
The deep elf pyromancer is moderately wounded.
You are covered in liquid flames!
You are no longer on fire.
The deep elf pyromancer mumbles some strange words.
You closely miss the deep elf pyromancer.
The deep elf pyromancer is moderately wounded.
The deep elf pyromancer gestures at you while chanting.
The sticky flame hits you. The fire burns you terribly!
You are covered in liquid flames!
You completely miss the deep elf pyromancer.
The deep elf pyromancer is moderately wounded.
You are covered in liquid flames!
The deep elf pyromancer hits you with a +0 rapier.
The fire elemental closely misses you. The fire elemental hits you.
The fire elemental burns you! The fire burns you terribly!
You are too injured to fight recklessly!
You pummel the deep elf pyromancer!! You freeze the deep elf pyromancer!
The deep elf pyromancer is almost dead.
You are covered in liquid flames!
You are no longer on fire.
The fire elemental misses you.
The fire elemental is stunned by your conviction and fails to attack.
The deep elf pyromancer completely misses you.
You barely miss the deep elf pyromancer.
The deep elf pyromancer is almost dead.
The fire elemental hits you. The fire elemental burns you!
The fire burns you terribly!
* * * LOW HITPOINT WARNING * * *
The fire elemental hits you.
* * * LOW HITPOINT WARNING * * *
The fire elemental burns you! The fire burns you terribly!
* * * LOW HITPOINT WARNING * * *
The deep elf pyromancer hits you but does no damage.
You closely miss the deep elf pyromancer.
The deep elf pyromancer is almost dead.
The fire elemental hits you. The fire elemental burns you!
The fire burns you terribly!
You die...

.....'.........'..#
.....#.........#..#
######......#######
..>...............#
..................#
#########'##...#'##
........#..#...#..#
........#..#...#..#
####....########Y##
..............#EeE#
..............#.°.#
..............#...#
.####.........#...#
....#.........#...#
....#.........#...#
....#.........#...#
....#.........#####


You could see a deep elf pyromancer and 2 fire elementals.

Vanquished Creatures
  Pikel (D:7)
  Sigmund (D:4)
  A shadow (D:8)
  6 yaks
  A wraith (D:9)
  Menkaure (D:4)
  2 water moccasins (D:8)
  An orc warrior (D:9)
  3 black bears
  3 ice beasts
  A sky beast (D:5)
  5 ogres
  2 necrophages
  2 centaurs
  2 phantoms (D:9)
  A lemure (D:7)
  3 bullfrogs
  A wyvern zombie (D:8)
  3 scorpions
  A water moccasin zombie (D:5)
  A water moccasin skeleton (D:4)
  2 troll zombies (D:9)
  5 howler monkeys
  A centaur zombie (D:8)
  Crazy Yiuf (D:7)
  4 hounds
  A centaur skeleton (D:5)
  A gnoll shaman (D:6)
  4 orc priests
  3 jellies
  2 iguanas
  2 orc wizards (D:7)
  6 ogre zombies (D:9)
  A hound skeleton (D:5)
  A howler monkey skeleton (D:6)
  7 adders
  7 gnolls
  A white imp (D:5)
  3 dart slugs
  17 orcs
  6 endoplasms
  7 giant cockroaches
  7 goblins
  6 hobgoblins
  8 jackals (D:1)
  13 kobolds
  A quokka (D:4)
  10 ball pythons
  6 bats
  6 frilled lizards
  2 goblin skeletons (D:9)
  4 goblin zombies (D:9)
  2 hobgoblin zombies (D:9)
  4 orc skeletons (D:9)
  12 orc zombies (D:9)
  5 rats
210 creatures vanquished.

Notes
Turn   | Place    | Note
-------+----------+-------------------------------------------
     0 | D:1      | kae the Draconian Transmuter began the quest for the Orb.
     0 | D:1      | Reached XP level 1. HP: 16/16 MP: 3/3
   143 | D:1      | Reached XP level 2. HP: 23/23 MP: 3/5
   174 | D:1      | Found a faded altar of an unknown god.
   710 | D:1      | Reached skill level 3 in Transmutations
   977 | D:1      | Reached XP level 3. HP: 24/28 MP: 4/6
   986 | D:1      | Learned a level 3 spell: Spider Form
  1020 | D:1      | Found Toptimiwea's Antique Armour Boutique.
  1295 | D:2      | Reached skill level 1 in Poison Magic
  1636 | D:2      | Reached XP level 4. HP: 32/35 MP: 7/7
  2685 | D:3      | Reached skill level 4 in Transmutations
  3193 | D:3      | Reached XP level 5. HP: 28/40 MP: 8/8
  3398 | D:4      | Learned a level 4 spell: Ice Form
  3546 | D:4      | Noticed Menkaure
  3696 | D:4      | Killed Menkaure
  3697 | D:4      | Reached skill level 5 in Transmutations
  3697 | D:4      | Reached XP level 6. HP: 43/47 MP: 4/9
  3919 | D:4      | Reached skill level 1 in Ice Magic
  4395 | D:4      | Noticed Sigmund
  4472 | D:4      | Killed Sigmund
  4473 | D:4      | Your scales start taking on an icy white colour.
  4473 | D:4      | Reached XP level 7. HP: 41/52 MP: 4/10
  4473 | D:4      | Gained mutation: Your flesh is cold resistant. (rC+) [White
                  | Draconian growth]
  5067 | D:4      | Reached skill level 5 in Unarmed Combat
  5067 | D:4      | Reached skill level 6 in Transmutations
  5261 | D:5      | Entered Level 5 of the Dungeon
  5272 | D:5      | Found a transporter.
  5380 | D:5      | Found a transporter.
  5717 | D:5      | Found a staircase to the Ecumenical Temple.
  5733 | Temple   | Entered the Ecumenical Temple
  6117 | D:5      | Noticed a yak
  6117 | D:5      | Noticed a yak
  6117 | D:5      | Noticed a yak
  6118 | D:5      | Noticed a yak
  6118 | D:5      | Noticed a yak
  6118 | D:5      | Noticed a yak
  6144 | D:4      | Killed a yak
  6145 | D:4      | Reached XP level 8. HP: 8/59 MP: 11/11
  6425 | D:4      | Reached skill level 7 in Transmutations
  6425 | D:4      | Reached skill level 5 in Ice Magic
  7201 | D:6      | Reached skill level 8 in Transmutations
  7259 | D:6      | Reached XP level 9. HP: 63/64 MP: 7/12
  7302 | D:6      | Reached skill level 9 in Transmutations
  7459 | D:6      | Found a snail-covered altar of Cheibriados.
  8400 | D:7      | Reached skill level 10 in Transmutations
  8489 | D:7      | Noticed Pikel
  8501 | D:7      | Killed Pikel
  8547 | D:7      | Found a stormy altar of Qazlal.
  8761 | D:7      | Found a shimmering blue altar of Sif Muna.
  8932 | D:7      | Found a sacrificial altar of Ru.
  8952 | D:7      | Found a runed translucent door.
  8953 | D:7      | Noticed Crazy Yiuf
  8984 | D:7      | Found a broken altar of Ashenzari.
  9044 | D:7      | Found a shimmering altar of Xom.
  9387 | D:7      | Became a worshipper of Ru the Awakened
  9416 | D:7      | Killed Crazy Yiuf
  9691 | D:8      | Reached skill level 5 in Dodging
  9967 | D:8      | Found a shadowy altar of Dithmenos.
 10466 | D:8      | Reached XP level 10. HP: 71/71 MP: 9/13
 10786 | D:9      | Found a staircase to the Orcish Mines.
 10934 | D:9      | Found a glowing golden altar of the Shining One.
 11255 | D:8      | Gained mutation: You are hated by all. [Ru sacrifice]
 11255 | D:8      | Reached * piety under Ru
 12943 | D:9      | Noticed a deep elf pyromancer
 12953 | D:9      | Slain by a fire elemental

Illustrated notes

Levels and vault maps discovered:
D:1:      lightli_arrival_windingriver, layout_loops_ring,
          shapermc_ecumenical_altar_mp_urbaneastern, serial_shops, shop
D:2:      layout_loops_cross, minmay_misc_feat_cross, mrwooster_statue_mirror
D:3:      layout_loops_corners, chequers_serial_rivers_micro_e,
          grunt_ministairs_3, minmay_misc_feat_encased, grunt_decor_arrowhead,
          grunt_decor_cap, minmay_liquid_box, minmay_close_crescents
D:4:      layout_gridville, uniq_menkaure, uniq_sigmund
D:5:      gammafunk_wand_slinger, layout_rooms, minmay_temple_entry_tees,
          kennysheep_generic_room_4
D:6:      layout_rooms, kennysheep_slug_shrine, hangedman_abyss_or_decor_passed,
          chequers_serial_rivers_micro_e
D:7:      layout_cave_pools, mainiacjoe_overflow_brackets, lemuel_doored_altar,
          grunt_temple_overflow_open, tgw_xom, serial_rivers,
          chequers_serial_rivers_room_b, chequers_serial_rivers_marsh,
          chequers_serial_rivers_room_a, chequers_serial_rivers_small_3,
          chequers_serial_rivers_large_a, uniq_pikel, uniq_crazy_yiuf_cottage
D:8:      layout_loops_ring, nicolae_dithmenos_the_darkroom
D:9:      layout_grid_maze, nicolae_uskayaw_suspiria, tso_oasis_becter,
          zombieorc2_lemuel, serial_shops, nicolae_stop_n_shop_2
Temple:   oiseaux_autumnal_temple

Skill      XL: |  1  2  3  4  5  6  7  8  9 10 |
---------------+-------------------------------+-----
Transmutations | 3 4 5 6 8 10 | 10.0
Poison Magic   | 1 2 |  2.0
Unarmed Combat | 4 5 6 7 |  7.1
Ice Magic      | 2 4 6 |  6.0
Dodging        | 6 8 |  8.0
Fighting       | 2 |  2.6
Spellcasting   | |  2.0

Action                   |  1- 3 |  4- 6 |  7- 9 | 10-12 || total
-------------------------+-------+-------+-------+-------++-------
Melee: Unarmed           |   123 |   152 |   240 |   182 ||   697
       Tailslap          |    10 |    11 |     3 |     2 ||    26
       Headbutt          |    12 |     9 |       |       ||    21
       Punch             |     1 |       |     1 |       ||     2
       Kick              |    17 |    15 |       |       ||    32
 Cast: Beastly Appendage |    27 |    22 |       |       ||    49
       Spider Form       |       |     5 |     8 |       ||    13
       Ice Form          |       |     1 |    26 |    17 ||    44
Invok: Sacrifice Love    |       |       |       |     1 ||     1
 Abil: Breathe Frost     |       |       |     1 |     2 ||     3
  Use: Scroll            |     2 |     7 |     8 |     2 ||    19
       Potion            |       |     1 |       |       ||     1
Armor: Skin              |    46 |    52 |    72 |    54 ||   224
Dodge: Dodged            |    91 |   100 |   123 |   106 ||   420

Table legend: (Time is in decaauts)
 A = Elapsed time spent in this place.
 B = Non-inter-level travel time spent in this place.
 C = Inter-level travel time spent in this place.
 D = Time resting spent in this place.
 E = Time spent auto-exploring this place.
 F = Levels seen in this place.
 G = Mean time per level.
                   A        B        C        D        E       F      G
               +--------+--------+--------+--------+--------+-----+--------+
         Total |  12925 |  12554 |    371 |   1570 |   9294 |  10 | 1292.5 |
       Dungeon |  12585 |  12247 |    338 |   1570 |   9004 |   9 | 1398.3 |
        Temple |    339 |    306 |     33 |      0 |    289 |   1 |  339.0 |
               +--------+--------+--------+--------+--------+-----+--------+

Top non-repeatable levels by time:
     D:4: 2276 daAuts
     D:8: 2199 daAuts
     D:3: 1661 daAuts
     D:7: 1197 daAuts
     D:6: 1191 daAuts
     D:9: 1161 daAuts
     D:1: 1150 daAuts
     D:5: 997 daAuts
     D:2: 748 daAuts
  Temple: 339 daAuts
